 Dungeon Crawl Stone Soup version 0.23.0 (webtiles) character file.

Game seed: 4566222349176216494

29 LostNumber the Chiller (level 3, 0/33 HPs)
             Began as a Troll Ice Elementalist on Feb 15, 2019.
             Slain by a scorpion (7 damage)
             ... on level 1 of the Dungeon.
             The game lasted 00:01:44 (713 turns).

LostNumber the Chiller (Troll Ice Elementalist)      Turns: 713, Time: 00:01:44

Health: 0/33       AC:  6    Str: 17    XL:     3   Next: 1%
Magic:  3/3        EV: 10    Int: 11    God:
Gold:   31         SH:  0    Dex: 10    Spells: 3/4 levels left

rFire    . . .     SeeInvis .     - Unarmed
rCold    . . .     Gourm    +   (no shield)
rNeg     . . .     Faith    .   a - +0 robe
rPois    .         Spirit   .   (helmet restricted)
rElec    .         Reflect  .   (no cloak)
rCorr    .         Harm     .   (gloves unavailable)
MR       .....                  (boots unavailable)
Stlth    +.........             (no amulet)
HPRegen  0.51/turn              (no ring)
MPRegen  0.08/turn              (no ring)

@: lethally poisoned (0 -> -11)
A: large, unfitting armour, claws 3, fast metabolism 3, gourmand, regeneration
1, shaggy fur 1, tough skin 3
a: no special abilities


You were on level 1 of the Dungeon.
You were very full.

You visited 1 branch of the dungeon, and saw 2 of its levels.

You collected 31 gold pieces.

Inventory:

Armour
 a - a +0 robe (worn)
Scrolls
 b - a scroll of immolation {unknown}
 c - a scroll of fog {unknown}
 d - a scroll of identify {unknown}
 g - a scroll of noise {unknown}
 h - a scroll of fear {unknown}
Potions
 f - a potion of heal wounds {unknown}
Comestibles
 e - 3 rations {!d}


   Skills:
 + Level 1.0 Fighting
 - Level 1.5 Dodging
 - Level 1.0 Stealth
 * Level 2.1 Unarmed Combat
 - Level 1.2 Spellcasting
   Level 0.6 Conjurations
 - Level 2.1 Ice Magic


You had 3 spell levels left.
You knew the following spells:

 Your Spells              Type           Power        Failure   Level  Hunger
a - Freeze                Ice            #...         13%         1    ##.....

Your spell library contained the following spells:

 Spells                   Type           Power        Failure   Level  Hunger
 Throw Frost              Conj/Ice       #.....       26%         2    ###....
 Ozocubu's Armour         Chrm/Ice       #.......     52%         3    ####...
 Throw Icicle             Conj/Ice       #.......     87%         4    #####..
 Summon Ice Beast         Ice/Summ       #.......     90%         4    #####..


Dungeon Overview and Level Annotations

Branches:
Dungeon (2/15)

Altars:


Innate Abilities, Weirdness & Mutations

You are too large for most types of armour.
You have claws for hands.
Your metabolism is lightning-fast.
You like to eat raw meat.
Your natural rate of healing is unusually fast.
You are covered in fur. (AC +1)
You have extremely tough skin. (AC +3)


Message History

i - a chunk of flesh You see here a rat skeleton. x2
Eating a chunk of flesh.
You eat the chunk of flesh.
This raw flesh tastes great.
Done exploring.
Done exploring.
Done exploring.
Done exploring.
No target in view!
There is a stone staircase leading down here.
You climb downwards. 2 rats and a scorpion come into view.
Found a pair of gloves.
Found a stone staircase leading down.
There is a stone staircase leading up here.
Unknown command.
The scorpion barely misses you. The rat bites you but does no damage.
The rat closely misses you.
You climb upwards.
There is a stone staircase leading down here.
You closely miss the scorpion. The scorpion stings you.
You are poisoned.
The scorpion poisons you! The rat bites you. x2
You scratch the scorpion.
You feel sick. The scorpion stings you.
You are more poisoned.
The scorpion poisons you! The rat completely misses you.
The rat bites you but does no damage.
You claw the scorpion!
You feel sick. The scorpion stings you!
* * * LOW HITPOINT WARNING * * *
You are lethally poisoned!
The scorpion poisons you! The rat closely misses you.
The rat barely misses you.
You scratch the scorpion but do no damage.
* * * LOW HITPOINT WARNING * * *
You feel sick.
The scorpion stings you but does no damage.
The rat barely misses you. The rat bites you but does no damage.
You barely miss the scorpion.
* * * LOW HITPOINT WARNING * * *
You feel sick. The scorpion stings you.
* * * LOW HITPOINT WARNING * * *
The rat bites you but does no damage. The rat closely misses you.
Unknown command.
You barely miss the scorpion.
* * * LOW HITPOINT WARNING * * *
You feel sick. The scorpion barely misses you.
The rat bites you but does no damage. x2
You barely miss the scorpion.
* * * LOW HITPOINT WARNING * * *
You feel sick. The scorpion stings you!
You die...

####...# #.........# #.#.#
####..(###.#######.# #.#.#
#..........## #.# #.#.#
............# ###.### #.#.######
......)...#.# #.....# #.#.......
.###....###.####.#.#.###.########
.##.....###..............#
.#..............rs.#.#####
.#.......######.@....#
...............#r#.###
.#.##......###.#.#.# .#.#####.#.#
#.#.#.# ...........# #.#.#)#
.#.#####...# #.#.#.############
...# #...###................#
##.# #.........#.##########.# #.#
##..........# #.#


You could see a scorpion and 2 rats.

Vanquished Creatures
  2 dart slugs (D:1)
  A leopard gecko (D:1)
  3 bats (D:1)
  2 giant cockroaches (D:1)
  2 goblins (D:1)
  3 hobgoblins (D:1)
  2 jackals (D:1)
  3 kobolds (D:1)
  4 rats (D:1)
22 creatures vanquished.

Notes
Turn   | Place    | Note
-------+----------+-------------------------------------------
     0 | D:1      | LostNumber the Troll Ice Elementalist began the quest for
                  | the Orb.
     0 | D:1      | Reached XP level 1. HP: 16/16 MP: 1/1
   129 | D:1      | Reached skill level 1 in Unarmed Combat
   258 | D:1      | Reached XP level 2. HP: 17/26 MP: 2/2
   373 | D:1      | Reached skill level 1 in Fighting
   506 | D:1      | Reached XP level 3. HP: 33/33 MP: 3/3
   698 | D:2      | Noticed a scorpion
   713 | D:1      | Slain by a scorpion

Skill      XL: |  1  2 |
---------------+-------+-----
Unarmed Combat | 1 2 |  2.1
Fighting       | 1 |  1.0
Dodging        | |  1.5
Stealth        | |  1.0
Spellcasting   | |  1.2
Conjurations   | |  0.6
Ice Magic      | |  2.1

Action                   || total
-------------------------++-------
Melee: Unarmed           ||    72
 Stab: Sleeping          ||     2
  Eat: Chunk             ||    11
Armor: Robe              ||    31
Dodge: Dodged            ||    40
